 Dungeon Crawl Stone Soup version 0.21.1-1-g345015f (webtiles) character file.

40 Monsterracer the Magician (level 3, -2/25 HPs)
             Began as a Gnoll Wizard on Feb 6, 2018.
             Slain by Sigmund
             ... wielding a +0 scythe
              (7 damage)
             ... on level 2 of the Dungeon.
             The game lasted 00:02:38 (1592 turns).

Monsterracer the Magician (Gnoll Wizard)            Turns: 1592, Time: 00:02:38

Health: -2/25      AC:  3    Str:  9    XL:     3   Next: 50%
Magic:  2/11       EV: 14    Int: 21    God:
Gold:   66         SH:  0    Dex: 13    Spells: 7/16 levels left

rFire    . . .     SeeInvis +   a - +0 dagger
rCold    . . .     Gourm    .   (no shield)
rNeg     . . .     Faith    .   g - +0 robe
rPois    .         Spirit   .   f - +0 hat
rElec    .         Reflect  .   (no cloak)
rCorr    .         Harm     .   o - +0 pair of gloves
MR       .....                  (no boots)
Stlth    +.........             (no amulet)
HPRegen  0.08/turn              q - ring of see invisible
MPRegen  0.12/turn              (no ring)

@: confused
A: distributed training, fangs 1, strong nose
a: no special abilities


You were on level 2 of the Dungeon.
You were not hungry.

You visited 1 branch of the dungeon, and saw 2 of its levels.

You collected 66 gold pieces.

Inventory:

Hand Weapons
 a - a +0 dagger (weapon)
 b - a +0 spear
Armour
 f - a +0 hat (worn)
 g - a +0 robe (worn)
 o - a +0 pair of gloves (worn)
Jewellery
 q - a ring of see invisible (left hand)
Scrolls
 d - 2 scrolls of amnesia {unknown}
 e - a scroll of fog {unknown}
 h - a scroll of identify {unknown}
 i - 2 scrolls of noise {unknown}
 j - a scroll of remove curse {unknown}
 n - a scroll of immolation {unknown}
 p - 2 scrolls of teleportation {unknown}
Potions
 k - a potion of might {unknown}
 l - 2 potions of curing
 m - a potion of degeneration {unknown}
Comestibles
 c - 7 rations
 r - a chunk of flesh


   Skills:
 + Level 0.8 Fighting
 + Level 0.8 Short Blades
 + Level 0.8 Long Blades
 + Level 0.8 Axes
 + Level 0.8 Maces & Flails
 + Level 0.8 Polearms
 + Level 0.8 Staves
 + Level 0.8 Slings
 + Level 0.8 Bows
 + Level 0.8 Crossbows
 + Level 0.8 Throwing
 + Level 0.8 Armour
 + Level 4.5 Dodging
 + Level 4.1 Stealth
 + Level 0.8 Shields
 + Level 0.8 Unarmed Combat
 + Level 7.1 Spellcasting
 + Level 2.1 Conjurations
 + Level 0.5 Hexes
 + Level 0.5 Charms
 + Level 2.1 Summonings
 + Level 0.5 Necromancy
 + Level 2.1 Translocations
 + Level 0.5 Transmutations
 + Level 0.5 Fire Magic
 + Level 0.5 Ice Magic
 + Level 0.5 Air Magic
 + Level 0.5 Earth Magic
 + Level 0.5 Poison Magic
 + Level 1.0 Invocations
 + Level 0.8 Evocations


You had 7 spell levels left.
You knew the following spells:

 Your Spells              Type           Power        Failure   Level  Hunger
a - Magic Dart            Conj           ###.         3%          1    None
b - Conjure Flame         Conj/Fire      ##......     14%         3    None
c - Mephitic Cloud        Conj/Pois/Air  ##......     17%         3    None
e - Blink                 Tloc           N/A          5%          2    None


Dungeon Overview and Level Annotations

Branches:
Dungeon (2/15)

Altars:

Annotations:
D:2 Sigmund


Innate Abilities, Weirdness & Mutations

Your experience applies equally to all skills.
You have very sharp teeth.
Your uncanny sense of smell can sniff out nearby items.


Message History

Aim: Sigmund, wielding a scythe and wearing a robe (confused)
The magic dart hits Sigmund.
Sigmund is lightly wounded.
You now have 6/11 mp.
Casting: Magic Dart
Confirm with . or Enter, or press ? or * to list all spells.
Aiming: Magic Dart
Press: ? - help, Shift-Dir - straight line, f/p - Sigmund
Aim: Sigmund, wielding a scythe and wearing a robe (lightly wounded, confused)
The magic dart hits Sigmund.
Sigmund is lightly wounded.
You now have 5/11 mp.
Casting: Magic Dart
Confirm with . or Enter, or press ? or * to list all spells.
Aiming: Magic Dart
Press: ? - help, Shift-Dir - straight line, f/p - Sigmund
Aim: Sigmund, wielding a scythe and wearing a robe (lightly wounded, confused)
The magic dart hits Sigmund.
Sigmund is moderately wounded.
You now have 4/11 mp.
Found 8 gold pieces.
You strike the helpless Sigmund from behind!
You puncture Sigmund!
Sigmund is heavily wounded.
Sigmund seems less confused.
Sigmund barely misses you.
You hit Sigmund.
Sigmund is heavily wounded.
You hit Sigmund but do no damage.
Sigmund is heavily wounded.
Sigmund gestures wildly while chanting.
Sigmund flickers and vanishes for a moment.
You closely miss Sigmund.
Sigmund is heavily wounded.
Sigmund misses you.
You closely miss Sigmund.
Sigmund is heavily wounded.
Casting: Magic Dart
Confirm with . or Enter, or press ? or * to list all spells.
Aiming: Magic Dart
Press: ? - help, Shift-Dir - straight line, f/p - Sigmund
Aim: Sigmund, wielding a scythe and wearing a robe (heavily wounded, slightly transparent)
The magic dart hits Sigmund.
Sigmund is heavily wounded.
Sigmund points at you and mumbles some strange words.
You resist with significant effort.
You now have 5/11 mp.
Casting: Magic Dart
Confirm with . or Enter, or press ? or * to list all spells.
Aiming: Magic Dart
Press: ? - help, Shift-Dir - straight line, f/p - Sigmund
Aim: Sigmund, wielding a scythe and wearing a robe (heavily wounded, slightly transparent)
The magic dart hits Sigmund.
Sigmund is severely wounded.
Sigmund barely misses you.
You now have 4/11 mp.
Casting: Magic Dart
Confirm with . or Enter, or press ? or * to list all spells.
Aiming: Magic Dart
Press: ? - help, Shift-Dir - straight line, f/p - Sigmund
Aim: Sigmund, wielding a scythe and wearing a robe (severely wounded, slightly transparent)
The magic dart hits Sigmund.
Sigmund is severely wounded.
Sigmund hits you with a scythe!
You take 8 damage, and have 17/25 hp.
MASSIVE DAMAGE!!
You now have 3/11 mp.
Casting: Magic Dart
Confirm with . or Enter, or press ? or * to list all spells.
Aiming: Magic Dart
Press: ? - help, Shift-Dir - straight line, f/p - Sigmund
Aim: Sigmund, wielding a scythe and wearing a robe (severely wounded, slightly transparent)
The magic dart hits Sigmund.
Sigmund is severely wounded.
You now have 2/11 mp.
Casting: Magic Dart
Confirm with . or Enter, or press ? or * to list all spells.
Aiming: Magic Dart
Press: ? - help, Shift-Dir - straight line, f/p - Sigmund
Aim: Sigmund, wielding a scythe and wearing a robe (severely wounded, slightly transparent)
The magic dart hits Sigmund.
Sigmund is almost dead.
Sigmund casts a spell at you.
You are confused.
A worm comes into view.
You now have 1/11 mp.
Unknown command.
You closely miss Sigmund.
Sigmund is almost dead.
Sigmund points at you and mumbles some strange words.
You resist with significant effort.
You hit Sigmund but do no damage.
Sigmund is almost dead.
Sigmund says, "Your kind have come here before.
I understand now why.
You desire death..."
Sigmund hits you with a scythe!
Ouch! That really hurt!
* * * LOW HITPOINT WARNING * * *
You take 12 damage, and have 5/25 hp.
MASSIVE DAMAGE!!
Sigmund closely misses you.
You hit Sigmund.
Sigmund is almost dead.
Sigmund hits you with a scythe!
You die...

.. #.# #.# ##### #.# .
...# #.# # ##.##
#.######
.######...#####(......
...........w.....# ∆
#######...##.#..@#
##......#......@.#
##.####...##.###.#
##.# ##.####!..$# ∆
.#.## #.# ###..
..######## ..#.## #.#
#### .....†...#
.###.###.# ########.#
## ##....# ##.##
.###.##### ##.#.##


You could see Sigmund (invisible) and a worm.

Vanquished Creatures
  An adder (D:2)
  A leopard gecko (D:1)
  3 bats (D:1)
  7 hobgoblins
  A jackal (D:2)
  4 frilled lizards (D:1)
  4 goblins (D:2)
  7 kobolds
  A rat (D:2)
29 creatures vanquished.

Notes
Turn   | Place    | Note
-------+----------+-------------------------------------------
     0 | D:1      | Monsterracer the Gnoll Wizard began the quest for the Orb.
     0 | D:1      | Reached XP level 1. HP: 13/13 MP: 8/8
   108 | D:1      | Reached XP level 2. HP: 19/19 MP: 3/10
   905 | D:2      | Reached XP level 3. HP: 20/25 MP: 1/11
   909 | D:2      | Learned a level 2 spell: Blink
   913 | D:2      | Learned a level 3 spell: Conjure Flame
   918 | D:2      | Learned a level 3 spell: Mephitic Cloud
  1379 | D:2      | Reached skill level 1 in Invocations
  1564 | D:2      | Noticed Sigmund
  1589 | D:2      | HP: 5/25 [Sigmund/scythe (13)]
  1592 | D:2      | Slain by Sigmund

Skill      XL: |  1  2  3 |
---------------+----------+-----
Conjurations   | 2 |  2.1
Summonings     | 2 |  2.1
Translocations | 2 |  2.1
Invocations    | 1 |  1.0
Fighting       | |  0.8
Short Blades   | |  0.8
Long Blades    | |  0.8
Axes           | |  0.8
Maces & Flails | |  0.8
Polearms       | |  0.8
Staves         | |  0.8
Slings         | |  0.8
Bows           | |  0.8
Crossbows      | |  0.8
Throwing       | |  0.8
Armour         | |  0.8
Dodging        | |  4.5
Stealth        | |  4.1
Shields        | |  0.8
Unarmed Combat | |  0.8
Spellcasting   | |  7.1
Hexes          | |  0.5
Charms         | |  0.5
Necromancy     | |  0.5
Transmutations | |  0.5
Fire Magic     | |  0.5
Ice Magic      | |  0.5
Air Magic      | |  0.5
Earth Magic    | |  0.5
Poison Magic   | |  0.5
Evocations     | |  0.8

Action                   || total
-------------------------++-------
Melee: Short sword       ||     4
       Dagger            ||    16
 Cast: Magic Dart        ||    68
       Mephitic Cloud    ||     1
 Stab: Confused          ||     1
  Eat: Chunk             ||     2
Armor: Robe              ||     6
Dodge: Dodged            ||    20

Vault maps used:
D:1:      saegor_arrival_simple_f, minmay_hexomino_f4
D:2:      first_ration, hangedman_feature_mirror, uniq_sigmund
